TOP OF THE 1ST |
Hickory Crawdads batting - Pitching for Quad Cities River Bandits : RHP Tony Barrios
|
Pitching: RHP Tony Barrios
|
|
Batting: RHB Roberto Rodriguez
|
0-0: Called Strike 0-1: Swinging Strike 0-2: Ball 1-2: Strikes out swinging
|
Batting: RHB Jose Pineda
|
0-0: Ball 1-0: Ball 2-0: Foul Ball, location: 2F 2-1: Ball 3-1: Base on Balls
|
Batting: LHB Yasahiko Teshima
|
0-0: Called Strike Jose Pineda steals 2nd base 0-1: Called Strike 0-2: Strikes out looking
|
Batting: SHB Todd Hewitt
|
0-0: Ball 1-0: Foul Ball, location: 2F 1-1: Ball 2-1: Ball 3-1: Base on Balls
|
Batting: RHB Melvin Gomez
|
0-0: Called Strike 0-1: Foul Ball, location: 2F 0-2: Strikes out swinging
|
Top of the 1st over - 0 runs, 0 hits, 0 errors, 2 left on base; Hickory 0 - Quad Cities 0 |
BOTTOM OF THE 1ST |
Quad Cities River Bandits batting - Pitching for Hickory Crawdads : LHP Chris P. Bacon
|
Pitching: LHP Chris P. Bacon
|
|
Batting: RHB Yi-lin Niu
|
0-0: Ball 1-0: Ball 2-0: Called Strike 2-1: Called Strike 2-2: Ball 3-2: Fly out, F8 (Flyball, 8RM, EV 85.6 MPH)
|
Batting: RHB Omar Amaya
|
0-0: Foul Ball, location: 2F 0-1: Ball 1-1: Called Strike 1-2: Ball 2-2: Fly out, F8 (Flyball, 8LD, EV 85.0 MPH)
|
Batting: RHB Edgar Trejo
|
0-0: Ball 1-0: Ground out 5-3 (Groundball, 56, EV 85.6 MPH)
|
Bottom of the 1st over - 0 runs, 0 hits, 0 errors, 0 left on base; Hickory 0 - Quad Cities 0 |
TOP OF THE 2ND |
Hickory Crawdads batting - Pitching for Quad Cities River Bandits : RHP Tony Barrios
|
Batting: RHB Theo van Gent
|
0-0: Ball 1-0: Ball 2-0: Ball 3-0: Called Strike 3-1: Foul Ball, location: 2F 3-2: Base on Balls
|
Batting: RHB Dennis Daniels
|
0-0: Called Strike 0-1: Swinging Strike 0-2: Strikes out swinging
|
Batting: RHB Cesar Martinez
|
0-0: Ball Theo van Gent is caught stealing 2nd base 2-4 1-0: SINGLE (Groundball, 56S, EV 75.6 MPH) (infield hit)
|
Batting: RHB Aaron Graham
|
0-0: Called Strike Cesar Martinez steals 2nd, throwing error, E2 Cesar Martinez to third 0-1: Swinging Strike 0-2: Strikes out swinging
|
Top of the 2nd over - 0 runs, 1 hit, 1 error, 1 left on base; Hickory 0 - Quad Cities 0 |
BOTTOM OF THE 2ND |
Quad Cities River Bandits batting - Pitching for Hickory Crawdads : LHP Chris P. Bacon
|
Batting: RHB Jesus Malave
|
0-0: Ball 1-0: SINGLE (Groundball, 56D, EV 103.1 MPH)
|
Batting: LHB Wade Girard
|
0-0: Ball 1-0: Swinging Strike 1-1: Foul Ball, location: 2F 1-2: Ball 2-2: Foul Ball, location: 2F 2-2: Fly out, F8 (Flyball, 8RS, EV 97.5 MPH)
|
Batting: RHB Dustin Hartman
|
0-0: Foul Ball, location: 2F 0-1: Ball 1-1: Ball 2-1: SINGLE (Line Drive, 6M, EV 99.4 MPH) Jesus Malave to second
|
Batting: RHB Patrick Pinault
|
0-0: Ball 1-0: Called Strike 1-1: Swinging Strike 1-2: Foul Ball, location: 2F 1-2: Strikes out swinging
|
Batting: SHB Terciero Ortiz
|
0-0: Ball 1-0: Called Strike 1-1: Ball 2-1: Ball Wild Pitch! Jesus Malave to third Dustin Hartman to second 3-1: Swinging Strike 3-2: Strikes out swinging
|
Bottom of the 2nd over - 0 runs, 2 hits, 0 errors, 2 left on base; Hickory 0 - Quad Cities 0 |
TOP OF THE 3RD |
Hickory Crawdads batting - Pitching for Quad Cities River Bandits : RHP Tony Barrios
|
Batting: RHB Roberto Rodriguez
|
0-0: Ball 1-0: Foul Ball, location: 2F 1-1: TRIPLE (Flyball, 89XD, EV 88.8 MPH)
|
Batting: RHB Jose Pineda
|
0-0: Ball 1-0: Fly out, F8 (Flyball, 8RD, EV 85.6 MPH) Runner from 3rd tags up, SCORES, throw by CF
|
Batting: LHB Yasahiko Teshima
|
0-0: Ball 1-0: Ball 2-0: Ball 3-0: Base on Balls
|
Batting: SHB Todd Hewitt
|
0-0: Ball 1-0: Called Strike Yasahiko Teshima steals 2nd base 1-1: Foul Ball, location: 2F 1-2: Foul Ball, location: 2F 1-2: Ball 2-2: DOUBLE (Flyball, 8LXD, EV 88.8 MPH) Yasahiko Teshima scores
|
Batting: RHB Melvin Gomez
|
0-0: Ball 1-0: Fly out, F4 (Line Drive, 4, EV 73.1 MPH) Lined into DP, 4-6 (Line Drive, 4, EV 73.8 MPH)
|
Top of the 3rd over - 2 runs, 2 hits, 0 errors, 0 left on base; Hickory 2 - Quad Cities 0 |
BOTTOM OF THE 3RD |
Quad Cities River Bandits batting - Pitching for Hickory Crawdads : LHP Chris P. Bacon
|
Batting: RHB Kenny Beall
|
0-0: Called Strike 0-1: Foul Ball, location: 2F 0-2: Strikes out swinging
|
Batting: RHB Yi-lin Niu
|
0-0: Foul Ball, location: 2F 0-1: Hit by Pitch
|
Batting: RHB Omar Amaya
|
0-0: Called Strike 0-1: Called Strike 0-2: Ball 1-2: Foul Ball, location: 2F 1-2: Foul Ball, location: 2F 1-2: Foul Ball, location: 2F 1-2: Foul Ball, location: 2F 1-2: Ball 2-2: Foul Ball, location: 2F 2-2: DOUBLE (Flyball, 78XD, EV 113.8 MPH) Yi-lin Niu to third Yi-lin Niu scores
|
Batting: RHB Edgar Trejo
|
0-0: Called Strike 0-1: Ball 1-1: Ground out 6-3 (Groundball, 6, EV 85.0 MPH) Omar Amaya to third
|
Batting: RHB Jesus Malave
|
0-0: Ball 1-0: Fly out, F4 (Popup, 4M, EV 60.6 MPH)
|
Bottom of the 3rd over - 1 run, 1 hit, 0 errors, 1 left on base; Hickory 2 - Quad Cities 1 |
TOP OF THE 4TH |
Hickory Crawdads batting - Pitching for Quad Cities River Bandits : RHP Tony Barrios
|
Batting: RHB Theo van Gent
|
0-0: Foul Ball, location: 2F 0-1: SINGLE (Groundball, 34D, EV 98.1 MPH)
|
Batting: RHB Dennis Daniels
|
0-0: Called Strike 0-1: Foul Ball, location: 2F 0-2: Ball 1-2: Ball 2-2: Fly out, F5 (Popup, 56, EV 68.8 MPH)
|
Batting: RHB Cesar Martinez
|
0-0: Foul Ball, location: 2F 0-1: Fielders Choice at 2nd, 6-4 (Groundball, 6, EV 80.6 MPH)
|
Batting: RHB Aaron Graham
|
0-0: Called Strike Cesar Martinez is caught stealing 2nd base 2-4
|
Top of the 4th over - 0 runs, 1 hit, 0 errors, 0 left on base; Hickory 2 - Quad Cities 1 |
BOTTOM OF THE 4TH |
Quad Cities River Bandits batting - Pitching for Hickory Crawdads : LHP Chris P. Bacon
|
Batting: LHB Wade Girard
|
0-0: Ball 1-0: Swinging Strike 1-1: Swinging Strike 1-2: Ball 2-2: Foul Ball, location: 2F 2-2: Fly out, F8 (Flyball, 78M, EV 89.4 MPH)
|
Batting: RHB Dustin Hartman
|
0-0: SINGLE (Line Drive, 8RS, EV 93.8 MPH)
|
Batting: RHB Patrick Pinault
|
0-0: SINGLE (Groundball, 13, EV 86.2 MPH) (infield hit) Dustin Hartman to second
|
Batting: SHB Terciero Ortiz
|
0-0: Grounds into double play, 6-4-3 (Groundball, 56, EV 78.8 MPH)
|
Bottom of the 4th over - 0 runs, 2 hits, 0 errors, 1 left on base; Hickory 2 - Quad Cities 1 |
TOP OF THE 5TH |
Hickory Crawdads batting - Pitching for Quad Cities River Bandits : RHP Tony Barrios
|
Batting: RHB Aaron Graham
|
0-0: Swinging Strike 0-1: Ball 1-1: Ball 2-1: TRIPLE (Flyball, 9LD, EV 99.4 MPH)
|
Batting: RHB Roberto Rodriguez
|
0-0: Ball 1-0: Ball 2-0: Called Strike 2-1: Ball 3-1: Foul Ball, location: 2F 3-2: Foul Ball, location: 2F 3-2: Foul Ball, location: 2F 3-2: DOUBLE (Line Drive, 9LS, EV 108.1 MPH) Aaron Graham scores
|
Batting: RHB Jose Pineda
|
0-0: Called Strike Roberto Rodriguez steals 3rd, throwing error, E2 Roberto Rodriguez scores 0-1: Ball 1-1: Ground out 1-3 (Groundball, P, EV 72.5 MPH)
|
Batting: LHB Yasahiko Teshima
|
0-0: Foul Ball, location: 2F 0-1: Ball 1-1: Foul Ball, location: 2F 1-2: DOUBLE (Line Drive, 78D, EV 108.8 MPH)
|
Batting: SHB Todd Hewitt
|
0-0: Ground out U3 (Groundball, 34S, EV 87.5 MPH) Yasahiko Teshima to third
|
Batting: RHB Melvin Gomez
|
0-0: Called Strike 0-1: Ball 1-1: Foul Ball, location: 2F 1-2: Strikes out swinging
|
Top of the 5th over - 2 runs, 3 hits, 1 error, 1 left on base; Hickory 4 - Quad Cities 1 |
BOTTOM OF THE 5TH |
Quad Cities River Bandits batting - Pitching for Hickory Crawdads : LHP Chris P. Bacon
|
Batting: RHB Kenny Beall
|
0-0: Swinging Strike 0-1: Foul Ball, location: 2F 0-2: Ball 1-2: Ball 2-2: Ball 3-2: Strikes out looking
|
Batting: RHB Yi-lin Niu
|
0-0: Called Strike 0-1: Hit by Pitch
|
Batting: RHB Omar Amaya
|
0-0: Called Strike 0-1: Ball 1-1: Fly out, F9 (Flyball, 9D, EV 98.1 MPH)
|
Batting: RHB Edgar Trejo
|
0-0: Ball 1-0: Foul Ball, location: 2F 1-1: Ground out 5-3 (Groundball, 56S, EV 86.9 MPH)
|
Bottom of the 5th over - 0 runs, 0 hits, 0 errors, 1 left on base; Hickory 4 - Quad Cities 1 |
TOP OF THE 6TH |
Hickory Crawdads batting - Pitching for Quad Cities River Bandits : RHP Tony Barrios
|
Pitching: RHP Chance Robinson
|
|
Batting: RHB Theo van Gent
|
0-0: Ball 1-0: Foul Ball, location: 2F 1-1: Ball 2-1: Called Strike 2-2: Ball 3-2: TRIPLE (Line Drive, 89XD, EV 107.5 MPH)
|
Batting: RHB Dennis Daniels
|
0-0: Called Strike 0-1: Foul Ball, location: 2F 0-2: Strikes out swinging, 2-3 out at first.
|
Batting: RHB Cesar Martinez
|
0-0: Ball 1-0: Foul Ball, location: 2F 1-1: Ball 2-1: Ground out 4-3 (Groundball, 4, EV 81.9 MPH)
|
Batting: RHB Aaron Graham
|
0-0: SINGLE (Flyball, 89S, EV 96.9 MPH) Theo van Gent scores
|
Batting: RHB Roberto Rodriguez
|
0-0: Ball Pickoff Throw by Catcher to First - Out!
|
Top of the 6th over - 1 run, 2 hits, 0 errors, 0 left on base; Hickory 5 - Quad Cities 1 |
BOTTOM OF THE 6TH |
Quad Cities River Bandits batting - Pitching for Hickory Crawdads : LHP Chris P. Bacon
|
Batting: RHB Jesus Malave
|
0-0: Called Strike 0-1: Called Strike 0-2: Ball 1-2: Ground out 5-3 (Groundball, 56, EV 100.6 MPH)
|
Batting: LHB Wade Girard
|
0-0: Swinging Strike 0-1: SINGLE (Groundball, 6MD, EV 108.1 MPH)
|
Batting: RHB Dustin Hartman
|
0-0: Ball 1-0: Called Strike 1-1: Foul Ball, location: 2F 1-2: Strikes out looking
|
Batting: RHB Patrick Pinault
|
0-0: Ball 1-0: Foul Ball, location: 2F 1-1: Swinging Strike 1-2: Strikes out looking
|
Bottom of the 6th over - 0 runs, 1 hit, 0 errors, 1 left on base; Hickory 5 - Quad Cities 1 |
TOP OF THE 7TH |
Hickory Crawdads batting - Pitching for Quad Cities River Bandits : RHP Chance Robinson
|
Pitching: RHP Hector Carrillo
|
|
Batting: RHB Roberto Rodriguez
|
0-0: Ball 1-0: Ball 2-0: Swinging Strike 2-1: Fly out, F7 (Flyball, 7, EV 81.9 MPH)
|
Batting: RHB Jose Pineda
|
0-0: Called Strike 0-1: Fly out, F9 (Flyball, 89D, EV 79.4 MPH)
|
Batting: LHB Yasahiko Teshima
|
0-0: Called Strike 0-1: Ball 1-1: Ball 2-1: Fly out, F7 (Flyball, 7, EV 75.0 MPH)
|
Top of the 7th over - 0 runs, 0 hits, 0 errors, 0 left on base; Hickory 5 - Quad Cities 1 |
BOTTOM OF THE 7TH |
Quad Cities River Bandits batting - Pitching for Hickory Crawdads : LHP Chris P. Bacon
|
Batting: SHB Terciero Ortiz
|
0-0: SINGLE (Groundball, 6MD, EV 94.4 MPH)
|
Batting: RHB Kenny Beall
|
0-0: Called Strike 0-1: Called Strike 0-2: Strikes out swinging
|
Batting: RHB Yi-lin Niu
|
0-0: Swinging Strike 0-1: Called Strike 0-2: Strikes out looking
|
Batting: RHB Omar Amaya
|
0-0: Called Strike 0-1: Ball Terciero Ortiz steals 2nd base 1-1: Foul Ball, location: 2F 1-2: Ball 2-2: SINGLE (Groundball, 34D, EV 103.8 MPH) Terciero Ortiz to third Runner from 3rd tries for Home, SAFE, throw by RF to home
|
Pitching: RHP Jeff Bliss
|
|
Batting: RHB Edgar Trejo
|
0-0: Ball 1-0: Ground out 4-3 (Groundball, 34, EV 84.4 MPH)
|
Bottom of the 7th over - 1 run, 2 hits, 0 errors, 1 left on base; Hickory 5 - Quad Cities 2 |
TOP OF THE 8TH |
Hickory Crawdads batting - Pitching for Quad Cities River Bandits : RHP Hector Carrillo
|
Batting: SHB Todd Hewitt
|
0-0: Called Strike 0-1: Ball 1-1: SOLO HOME RUN (Line Drive, 89XD, EV 101.9 MPH), Distance : 402 ft
|
Batting: RHB Melvin Gomez
|
0-0: Foul Ball, location: 2F 0-1: Ball 1-1: Foul Ball, location: 2F 1-2: Foul Ball, location: 2F 1-2: Fly out, F9 (Flyball, 9S, EV 86.2 MPH)
|
Batting: RHB Theo van Gent
|
0-0: Ball 1-0: Called Strike 1-1: Ball 2-1: Swinging Strike 2-2: Ball 3-2: Base on Balls
|
Batting: RHB Dennis Daniels
|
0-0: Ball Theo van Gent steals 2nd base 1-0: Swinging Strike 1-1: Foul Ball, location: 2F 1-2: Strikes out swinging
|
Batting: RHB Cesar Martinez
|
0-0: Called Strike 0-1: Ball 1-1: Ball 2-1: Ground out 4-3 (Groundball, 4, EV 87.5 MPH)
|
Top of the 8th over - 1 run, 1 hit, 0 errors, 1 left on base; Hickory 6 - Quad Cities 2 |
BOTTOM OF THE 8TH |
Quad Cities River Bandits batting - Pitching for Hickory Crawdads : RHP Jeff Bliss
|
Batting: RHB Jesus Malave
|
0-0: Ball 1-0: SINGLE (Line Drive, 8LS, EV 94.4 MPH)
|
Batting: LHB Wade Girard
|
0-0: Swinging Strike 0-1: SINGLE (Groundball, 34, EV 93.8 MPH) Jesus Malave to second Runner from 2nd tries for 3rd, SAFE, no throw by RF
|
Batting: RHB Dustin Hartman
|
0-0: Called Strike 0-1: Fly out, F5 (Popup, 56, EV 72.5 MPH)
|
Batting: RHB Patrick Pinault
|
0-0: Called Strike 0-1: Swinging Strike 0-2: Ball 1-2: Ball 2-2: Strikes out swinging
|
Batting: SHB Terciero Ortiz
|
0-0: Ball 1-0: Ball 2-0: Called Strike 2-1: Swinging Strike 2-2: Strikes out looking
|
Bottom of the 8th over - 0 runs, 2 hits, 0 errors, 2 left on base; Hickory 6 - Quad Cities 2 |
TOP OF THE 9TH |
Hickory Crawdads batting - Pitching for Quad Cities River Bandits : RHP Hector Carrillo
|
Pitching: LHP Dzintars Balodis
|
|
Batting: RHB Aaron Graham
|
0-0: Called Strike 0-1: Fly out, F7 (Line Drive, 7S, EV 99.4 MPH)
|
Batting: RHB Roberto Rodriguez
|
0-0: Swinging Strike 0-1: Ball 1-1: Foul Ball, location: 2F 1-2: Foul Ball, location: 2F 1-2: Foul Ball, location: 2F 1-2: Foul Ball, location: 2F 1-2: Foul Ball, location: 2F 1-2: Ball 2-2: Ground out 5-3 (Groundball, 56, EV 105.6 MPH)
|
Batting: RHB Jose Pineda
|
0-0: Foul Ball, location: 2F 0-1: Ball 1-1: Foul Ball, location: 2F 1-2: Ball 2-2: Ball 3-2: Base on Balls
|
Batting: LHB Yasahiko Teshima
|
0-0: Foul Ball, location: 2F 0-1: Called Strike 0-2: Strikes out looking
|
Top of the 9th over - 0 runs, 0 hits, 0 errors, 1 left on base; Hickory 6 - Quad Cities 2 |
BOTTOM OF THE 9TH |
Quad Cities River Bandits batting - Pitching for Hickory Crawdads : RHP Jeff Bliss
|
Pinch Hitting: LHB Jose Chavez
|
0-0: Called Strike 0-1: Ball 1-1: Ball 2-1: Ball 3-1: Foul Ball, location: 2F 3-2: Strikes out swinging
|
Batting: RHB Yi-lin Niu
|
0-0: Swinging Strike 0-1: Swinging Strike 0-2: Ground out 5-3 (Groundball, 56, EV 86.2 MPH)
|
Batting: RHB Omar Amaya
|
0-0: Ground out 5-3 (Groundball, 56, EV 82.5 MPH)
|
Bottom of the 9th over - 0 runs, 0 hits, 0 errors, 0 left on base; Hickory 6 - Quad Cities 2 |
|